 Dungeon Crawl Stone Soup version 0.30-a0-279-g4b46babb21 (webtiles) character file.

Game seed: 8842553854531870378

499 Sobieck the Chopper (level 7, -2/57 HPs)
             Began as a Ghoul Fighter on Oct 16, 2022.
             Slain by a killer bee (7 damage)
             ... on level 8 of the Dungeon.
             The game lasted 00:07:19 (3684 turns).

Sobieck the Chopper (Ghoul Fighter)                 Turns: 3684, Time: 00:07:20

Health: -2/57      AC:  7    Str: 22    XL:     7   Next: 16%
Magic:  6/6        EV:  9    Int:  3    God:
Gold:   64         SH:  5    Dex:  8    Spells: 6/6 levels left

rFire   . . .      SeeInvis .    C - +0 hand axe (elec) {axe}
rCold   + . .      Faith    .    c - +1 buckler
rNeg    + + +      Spirit   .    p - +1 scale mail
rPois   ∞          Reflect  .    (no helmet)
rElec   .          Harm     .    (no cloak)
rCorr   .          Rampage  .    (no gloves)
Will    .....                    (no boots)
Stlth   ..........               (no amulet)
HPRegen 0.00/turn                y - ring of wizardry
MPRegen 0.10/turn                (no ring)

@: mighty, inhibited regen, hasted, very quick
A: claws 1, cold resistance 1, negative energy resistance 3, inhibited
regeneration, torment resistance 2, devour on kill
a: no special abilities


You were on level 8 of the Dungeon.
You visited 1 branch of the dungeon, and saw 6 of its levels.

You collected 256 gold pieces.
You spent 192 gold pieces at shops.


Innate Abilities, Weirdness & Mutations

You are immune to poison.
You have sharp fingernails.
Your flesh is cold resistant. (rC+)
You are immune to negative energy. (rN+++)
You do not regenerate when monsters are visible.
You are immune to unholy pain and torment.
You thrive by killing the living.


   Skills:
 - Level 3.2 Fighting
 + Level 6.9 Axes
 - Level 2.6 Armour
 - Level 2.6 Shields


You had 6 spell levels left.
You didn't know any spells.
Your spell library contained the following spells:

 Spells                   Type           Power      Damage    Failure   Level
 Slow                     Hex            0%         N/A       61%         1
 Scorch                   Fire           0%         2d5       75%         2
 Confusing Touch          Hex            0%         N/A       92%         3
 Vampiric Draining        Necr           0%         2d6       92%         3
 Animate Dead             Necr           0%         N/A       100%        4
 Flame Wave               Conj/Fire      0%         2d4       100%        4
 Borgnjor's Vile Clutch   Necr/Erth      0%         N/A       100%        5
 Death Channel            Necr           0%         N/A       100%        6
 Summon Cactus Giant      Summ           0%         N/A       100%        6
 Summon Hydra             Summ           0%         N/A       100%        7
 Beastly Appendage        Tmut           Unusable   N/A       N/A         1
 Sublimation of Blood     Necr           Unusable   N/A       N/A         2
 Wereblood                Tmut           Unusable   N/A       N/A         2
 Spider Form              Tmut/Pois      Unusable   N/A       N/A         3

Inventory:

Hand Weapons
 a - a +0 war axe {axe}
 b - a +0 sling
   (You found it on level 2 of the Dungeon)
 k - a +0 dagger of venom {short}
   (You took it off a goblin on level 1 of the Dungeon)
 s - a +1 dagger of venom {short}
   (You took it off an orc on level 2 of the Dungeon)
 z - a +4 whip {mace}
   (You took it off a kobold on level 3 of the Dungeon)
 C - a +0 hand axe of electrocution (weapon) {axe}
   (You bought it in a shop on level 3 of the Dungeon)
Missiles
 l - 64 stones {throwing}
 A - 2 boomerangs (quivered) {throwing}
Armour
 c - a +1 buckler (worn)
 i - a +0 robe
   (You found it on level 4 of the Dungeon)
 o - a +0 leather armour
   (You found it on level 2 of the Dungeon)
 p - a +1 scale mail (worn)
 r - a +0 leather armour
   (You found it on level 2 of the Dungeon)
 t - a +0 leather armour
   (You took it off an orc on level 2 of the Dungeon)
 u - a +0 leather armour
   (You took it off an orc on level 2 of the Dungeon)
 v - a +0 ring mail
   (You took it off an orc on level 2 of the Dungeon)
 w - a +0 robe
   (You took it off an orc wizard on level 3 of the Dungeon)
 x - a +0 leather armour
   (You took it off an orc on level 3 of the Dungeon)
 D - a +0 ring mail
   (You found it on level 4 of the Dungeon)
 E - a +0 leather armour
   (You found it on level 3 of the Dungeon)
 F - the +2 robe of Cowardice {rElec}
   (You found it on level 3 of the Dungeon)

   rElec:     It insulates you from electricity.
 G - a +0 robe
   (You took it off an orc wizard on level 4 of the Dungeon)
 J - a +0 leather armour
   (You took it off an orc on level 5 of the Dungeon)
 K - a +0 leather armour
   (You found it on level 4 of the Dungeon)
 L - a +0 robe
   (You took it off an orc wizard on level 5 of the Dungeon)
 M - a +0 ring mail
   (You took it off an orc on level 5 of the Dungeon)
Jewellery
 y - a ring of wizardry (left claw)
   (You found it on level 3 of the Dungeon)
 H - an amulet of faith {!P}
   (You found it on level 5 of the Dungeon)
Scrolls
 e - a scroll of silence {!r}
 f - 2 scrolls of teleportation {@r4}
 g - 3 scrolls of vulnerability {!r!r}
 q - 2 scrolls of blinking {!r}
Potions
 d - a potion of might
 h - a potion of berserk rage {!q}
 j - 4 potions of curing {@q1}
 m - a potion of mutation
 I - a potion of attraction {unknown}
 N - a potion of degeneration {unknown}

Dungeon Overview and Level Annotations

Branches:
Dungeon (5/15) Zot: 26941
 Temple: D:4-7

Altars:
Fedhas
Nemelex Xobeh
Trog

Shops:
D:2 :   D:3 (

Annotations:
D:3 2 transporters, Flanfartigan's ghost, amateur OgCA

#.....# #.....#
#.....# ....>..
#.....# #.......#
#....)# #.......#
#.....# #.......#
#.....# #.......#
#.....###.......#
##@#............#
#y#............+
#.#............#
#.#.....########
#.#.....'.....#
#.#.....#######
..##..#.#
####..#.# #..#.#


You could see a killer bee.


Message History

You block the killer bee's attack.
Unknown command.
You miss the killer bee. The killer bee stings you.
The killer bee stings you but does no damage.
You miss the killer bee. The killer bee stings you!
The killer bee closely misses you.
Unknown command.
You miss the killer bee. The killer bee barely misses you. x2
You hit the killer bee. The killer bee stings you. x2
* * * LOW HITPOINT WARNING * * *
Unknown command.
You miss the killer bee.
The killer bee stings you but does no damage.
The killer bee barely misses you.
You barely miss the killer bee. The killer bee barely misses you.
The killer bee closely misses you.
Unknown command.
You barely miss the killer bee.
The killer bee stings you but does no damage.
The killer bee closely misses you.
You hit the killer bee but do no damage.
Lightning courses through the killer bee!
You kill the killer bee!
You feel better. You block the killer bee's attack.
Unknown command.
You miss the killer bee. The killer bee stings you.
You block the killer bee's attack.
You slash the killer bee!
The killer bee stings you but does no damage.
The killer bee stings you.
* * * LOW HITPOINT WARNING * * *
You miss the killer bee. The killer bee closely misses you.
The killer bee stings you but does no damage.
Unknown command.
You closely miss the killer bee. The killer bee stings you.
* * * LOW HITPOINT WARNING * * *
The killer bee barely misses you.
You closely miss the killer bee. The killer bee barely misses you.
The killer bee stings you!
* * * LOW HITPOINT WARNING * * *
You hit the killer bee.
The killer bee completely misses you. x2
Unknown command.
You slash the killer bee!
You kill the killer bee!
You feel better. The killer bee stings you.
* * * LOW HITPOINT WARNING * * *
You have reached level 7!
You feel much better. You block the killer bee's attack.
The killer bee stings you but does no damage.
You feel very mighty all of a sudden. The killer bee barely misses you.
You block the killer bee's attack.
Unknown command.
You closely miss the killer bee. The killer bee barely misses you.
The killer bee closely misses you.
You miss the killer bee. The killer bee stings you.
* * * LOW HITPOINT WARNING * * *
The killer bee stings you.
* * * LOW HITPOINT WARNING * * *
You miss the killer bee. The killer bee barely misses you.
The killer bee stings you but does no damage.
Unknown command.
You closely miss the killer bee. The killer bee stings you.
* * * LOW HITPOINT WARNING * * *
The killer bee stings you but does no damage.
You slash the killer bee!
Lightning courses through the killer bee!
You kill the killer bee!
You feel better.
The killer bee stings you but does no damage.
Unknown command.
You closely miss the killer bee. The killer bee barely misses you.
The killer bee stings you!
* * * LOW HITPOINT WARNING * * *
You miss the killer bee.
The killer bee stings you but does no damage.
The killer bee closely misses you. The killer bee stings you.
* * * LOW HITPOINT WARNING * * *
Unknown command.
You completely miss the killer bee.
The killer bee stings you but does no damage.
You hit the killer bee.
The killer bee stings you but does no damage.
You block the killer bee's attack.
Unknown command.
You hit the killer bee. The killer bee barely misses you.
The killer bee completely misses you.
Unknown command.
You feel yourself speed up. The killer bee misses you.
The killer bee stings you but does no damage.
Unknown command.
You barely miss the killer bee. The killer bee barely misses you. x2
You barely miss the killer bee. The killer bee barely misses you.
You hit the killer bee. You block the killer bee's attack.
The killer bee closely misses you.
You hit the killer bee. The killer bee barely misses you.
You barely miss the killer bee. The killer bee barely misses you.
The killer bee stings you.
* * * LOW HITPOINT WARNING * * *
You miss the killer bee. The killer bee stings you!
You die...

Skill      XL: |  1  2  3  4  5  6 |
---------------+-------------------+-----
Axes           | 2 3 4 5 6 |  6.9
Fighting       | |  3.2
Armour         | |  2.6
Shields        | |  2.6

Action                   |  1- 3 |  4- 6 |  7- 9 || total
-------------------------+-------+-------+-------++-------
Melee: War axe           |   122 |    21 |       ||   143
       Hand axe          |       |   100 |    16 ||   116
 Fire: Sling             |    17 |       |       ||    17
Throw: Boomerang         |       |     2 |       ||     2
  Use: Scroll            |       |    15 |       ||    15
       Potion            |       |       |     3 ||     3
Armor: Scale mail        |    70 |    50 |     8 ||   128
Dodge: Dodged            |    65 |    41 |    15 ||   121
Block: Buckler           |    32 |    26 |     4 ||    62

Levels and vault maps discovered:
D:1:      minmay_arrival_open_corners, layout_loops_ring
D:2:      layout_rooms, chequers_ecumenical_altar_island, serial_shops, shop,
          chequers_big_river
D:3:      layout_rooms, gammafunk_ghost_gnarly_gnolls, serial_shops,
          nicolae_shop_stone
D:4:      layout_loops_ring, tgw_trog, nemelex_spade_bored_becter,
          kennysheep_mini_moat
D:5:      layout_basic, gammafunk_ghost_necromancy, uniq_ijyb
D:8:      layout_basic, nicolae_hepliaklqana_ecumenical_no_more, minivault_27,
          serial_bayou_lagoon_b

Notes
Turn   | Place    | Note
-------+----------+-------------------------------------------
     0 | D:1      | Sobieck the Ghoul Fighter began the quest for the Orb.
     0 | D:1      | Reached XP level 1. HP: 19/19 MP: 0/0
    53 | D:1      | Reached skill level 2 in Axes
   123 | D:1      | Reached XP level 2. HP: 26/26 MP: 1/1
   370 | D:1      | Reached skill level 3 in Axes
   375 | D:1      | Reached XP level 3. HP: 21/31 MP: 2/2
   422 | D:1      | You pick up a book of Unlife and begin reading...
   422 | D:1      | You add the spells Animate Dead, Borgnjor's Vile Clutch and
                  | Death Channel to your library.
   694 | D:2      | You pick up a book of Debilitation and begin reading...
   694 | D:2      | You add the spells Slow, Vampiric Draining and Confusing
                  | Touch to your library.
   704 | D:2      | Found a faded altar of an unknown god.
   758 | D:2      | Found Yruggi's Book Emporium.
   764 | D:2      | You pick up a book of Blood and begin reading...
  1470 | D:2      | Reached XP level 4. HP: 32/38 MP: 3/3
  1532 | D:3      | HP: 9/38 [orc wizard/magic dart (5)]
  1538 | D:3      | Reached skill level 4 in Axes
  1720 | D:3      | Found Guonnott's Antique Weapon Boutique.
  1775 | D:3      | Bought a runed hand axe for 192 gold pieces
  1873 | D:3      | Found a transporter.
  1873 | D:3      | Found a transporter.
  1885 | D:3      | Noticed Flanfartigan's ghost (amateur OgCA)
  1962 | D:3      | Identified the +2 robe of Cowardice {rElec}
  2096 | D:3      | Identified the +9 spear "Goytot" {pain, rPois}
  2096 | D:3      | Identified the +0 scale mail of Dyspraxia {Harm Regen+
                  | Str+6 Dex-5}
  2096 | D:3      | Noticed a gnoll sergeant
  2125 | D:3      | You pick up a book of Changes and begin reading...
  2298 | D:4      | Reached XP level 5. HP: 45/45 MP: 4/4
  2374 | D:4      | Found a blossoming altar of Fedhas.
  2377 | D:4      | Noticed an ogre
  2391 | D:4      | Killed an ogre
  2392 | D:4      | Reached skill level 5 in Axes
  2510 | D:4      | Reached XP level 6. HP: 51/51 MP: 5/5
  2720 | D:4      | Noticed a moth of wrath
  2723 | D:4      | Found a bloodstained altar of Trog.
  3235 | D:4      | Found a sparkling altar of Nemelex Xobeh.
  3433 | D:5      | Entered Level 5 of the Dungeon
  3526 | D:5      | Reached skill level 6 in Axes
  3578 | D:5      | You pick up a book of Scorching and begin reading...
  3578 | D:5      | You add the spells Scorch, Flame Wave and Summon Cactus
                  | Giant to your library.
  3625 | D:5      | You fall into a shaft and drop 3 floors!
  3663 | D:8      | HP: 8/51 [killer bee (8)]
  3666 | D:8      | Reached XP level 7. HP: 9/57 MP: 6/6
  3673 | D:8      | HP: 11/57 [killer bee (7)]
  3683 | D:8      | HP: 5/57 [killer bee (4)]
  3684 | D:8      | Slain by a killer bee

Vanquished Creatures
  An ogre (D:4)
  A scorpion (D:5)
  3 killer bees (D:8)
  A hound (D:4)
  3 orc wizards
  2 adders (D:5)
  2 worms (D:4)
  A dart slug (D:3)
  12 orcs
  5 ball pythons
  5 endoplasms
  4 giant cockroaches
  11 goblins
  3 hobgoblins
  10 jackals
  2 quokkas
  6 bats
  A frilled lizard (D:1)
  4 kobolds
  5 rats
82 creatures vanquished.

Vanquished Creatures (others)
  6 plants
6 creatures vanquished.

Grand Total: 88 creatures vanquished

Table legend:
 A = Non-vault XP
 B = Vault XP
 C = Vault XP percentage of total XP
 D = Non-vault monster count
 E = Vault monster count
 F = Vault count percentage of total count
                 A         B        C        D         E       F
            +---------+---------+-------+---------+---------+-------
      Total |     700 |      13 |   1.8 |      77 |       5 |   6.1
            +---------+---------+-------+---------+---------+-------
        D:1 |      38 |       0 |   0.0 |      22 |       0 |   0.0
        D:2 |      41 |       0 |   0.0 |      19 |       0 |   0.0
        D:3 |      62 |       0 |   0.0 |      13 |       0 |   0.0
        D:4 |     224 |      13 |   5.5 |      14 |       5 |  26.3
        D:5 |     150 |       0 |   0.0 |       6 |       0 |   0.0
        D:8 |     185 |       0 |   0.0 |       3 |       0 |   0.0
            +---------+---------+-------+---------+---------+-------

Illustrated notes

Table legend:
 A = Kills in this place as a percentage of kills in entire the game.
 B = Kills by you in this place as a percentage of kills by you in the entire game.
 C = Kills by friends in this place as a percentage of kills by friends in the entire game.
 D = Other kills in this place as a percentage of other kills in the entire game.
 E = Experience gained in this place as a percentage of experience gained in the entire game.
 F = Experience gained in this place divided by the number of levels of this place that you have seen.
                   A       B       C       D       E      F
               +-------+-------+-------+-------+-------+----------------------
         Total | 100.0 | 100.0 |   N/A |   N/A | 100.0 | 118.8
       Dungeon | 100.0 | 100.0 |   N/A |   N/A | 100.0 | 118.8
               +-------+-------+-------+-------+-------+----------------------

Table legend: (Time is in decaauts)
 A = Elapsed time spent in this place.
 B = Non-inter-level travel time spent in this place.
 C = Inter-level travel time spent in this place.
 D = Time resting spent in this place.
 E = Time spent auto-exploring this place.
 F = Levels seen in this place.
 G = Mean time per level.
                   A        B        C        D        E       F      G
               +--------+--------+--------+--------+--------+-----+--------+
         Total |   3770 |   3531 |    239 |    456 |   2348 |   6 |  628.3 |
       Dungeon |   3770 |   3531 |    239 |    456 |   2348 |   6 |  628.3 |
               +--------+--------+--------+--------+--------+-----+--------+

Top non-repeatable levels by time:
     D:4: 1211 daAuts
     D:2: 939 daAuts
     D:1: 706 daAuts
     D:3: 663 daAuts
     D:5: 192 daAuts
     D:8: 57 daAuts
